[ AOE2 MATCH · #476187783 ]
UnrankedHuns vs Lithuanians
[ REPLAY ANALYSIS · EXTRACTED FROM THE RECORDED GAME ]
Feudal
14:10
Castle
18:51
Imperial
—
| APM avg | 57.9 |
| APM peak | 107 |
| eAPM avg | 23.0 |
| Villagers / military | 66 / 34 |
Focus
⚔️ 36.0% · 🌾 64.0%
Cavalry Archer ×30 · Fishing Ship ×9 · Unknown (2626) ×6 · Mangonel ×2 · Monk ×1 · Battering Ram ×1
Feudal
12:33
Castle
17:06
Imperial
—
| APM avg | 37.1 |
| APM peak | 59 |
| eAPM avg | 19.0 |
| Villagers / military | 98 / 42 |
Focus
⚔️ 25.4% · 🌾 74.6%
Leitis ×22 · Fishing Ship ×19 · Galley ×13 · Monk ×4 · Fire Galley ×2 · Demolition Raft ×1
Feudal
13:13
Castle
17:08
Imperial
33:46
| APM avg | 52.2 |
| APM peak | 97 |
| eAPM avg | 25.2 |
| Villagers / military | 149 / 55 |
Focus
⚔️ 33.7% · 🌾 66.3%
Rattan Archer ×51 · Fishing Ship ×15 · Unknown (2626) ×5 · Trebuchet (Packed) ×3 · Bombard Cannon ×1
Feudal
—
Castle
—
Imperial
—
| APM avg | 56.9 |
| APM peak | 114 |
| eAPM avg | 27.3 |
| Villagers / military | 76 / 41 |
Focus
⚔️ 40.4% · 🌾 59.6%
Skirmisher ×24 · Unknown (2626) ×21 · Fire Galley ×17 · Fishing Ship ×16
Match map
Initial resources + every placement click. Lines = walls · curves = elevation contours. ◆ gold · ⬟ stone · ● berries · ✦ relic · ◌ wall gap
Your base· Open — 5t gap
TheShadowrawen's base· Open — 8t gap
umugwanyi's base· Open — 9t gap
AZG021113's base· Open — 6t gap
Smoothed initial terrain · ◌ = detected wall gap · hover for details
Inputs per minute
— Arezard - - TheShadowrawen
Build order — Arezard
First 150 of 167 actions detected
| 0:15 | Build | Town Center |
| 0:27 | Build | Palisade Wall |
| 0:29 | Build | Palisade Wall |
| 0:31 | Build | Palisade Wall |
| 0:32 | Build | Palisade Wall |
| 1:28 | Build | Palisade Gate |
| 1:52 | Build | Palisade Gate |
| 2:24 | Create | Villager (Male) ×4 |
| 2:24 | Create | Villager (Male) ×4 |
| 3:51 | Create | Villager (Male) |
| 3:51 | Create | Villager (Male) |
| 3:55 | Create | Villager (Male) |
| 4:47 | Create | Villager (Male) |
| 4:48 | Create | Villager (Male) |
| 4:48 | Create | Villager (Male) |
| 5:41 | Create | Villager (Male) |
| 5:59 | Build | Palisade Gate |
| 6:10 | Build | Palisade Gate |
| 6:21 | Create | Villager (Male) |
| 6:41 | Create | Villager (Male) |
| 7:00 | Create | Villager (Male) |
| 7:17 | Create | Villager (Male) |
| 7:42 | Create | Villager (Male) |
| 8:12 | Create | Villager (Male) |
| 8:51 | Build | Lumber Camp |
| 8:56 | Create | Villager (Male) |
| 9:26 | Create | Villager (Male) |
| 9:35 | Create | Villager (Male) |
| 9:46 | Build | Dock |
| 9:57 | Create | Villager (Male) |
| 10:21 | Create | Villager (Male) |
| 10:26 | Create | Fishing Ship |
| 10:26 | Create | Fishing Ship |
| 10:34 | Create | Villager (Male) |
| 10:55 | Build | Mining Camp |
| 11:08 | Build | Mill |
| 11:14 | Create | Villager (Male) |
| 11:34 | Create | Villager (Male) |
| 11:38 | Research | Feudal Age |
| 11:38 | Research | Feudal Age |
| 12:07 | Create | Fishing Ship |
| 12:27 | Build | Dock |
| 12:59 | Create | Fishing Ship |
| 13:05 | Create | Fishing Ship |
| 13:33 | Create | Fishing Ship |
| 13:37 | Research | Loom |
| 13:39 | Create | Villager (Male) |
| 13:39 | Create | Villager (Male) |
| 14:10 | Age | Feudal Age |
| 14:52 | Build | Blacksmith |
| 15:01 | Create | Unit 2626 |
| 15:04 | Create | Unit 2626 |
| 15:06 | Create | Villager (Male) |
| 15:15 | Build | Market |
| 16:04 | Build | Farm |
| 16:11 | Research | Castle Age |
| 16:11 | Research | Castle Age |
| 16:23 | Create | Unit 2626 |
| 16:24 | Create | Unit 2626 |
| 16:45 | Build | Barracks |
| 17:00 | Research | Fletching |
| 17:09 | Create | Unit 2626 |
| 17:09 | Create | Unit 2626 |
| 17:14 | Research | Double-Bit Axe |
| 17:15 | Research | Double-Bit Axe |
| 17:20 | Build | Lumber Camp |
| 18:01 | Build | Dock |
| 18:02 | Create | Villager (Male) |
| 18:09 | Build | Archery Range |
| 18:51 | Age | Castle Age |
| 18:59 | Build | Archery Range |
| 19:05 | Create | Villager (Male) |
| 19:06 | Create | Villager (Male) |
| 19:15 | Create | Fishing Ship |
| 19:16 | Create | Fishing Ship |
| 19:26 | Build | Monastery |
| 19:30 | Research | Bodkin Arrow |
| 19:31 | Create | Villager (Male) |
| 20:06 | Create | Monk |
| 20:10 | Create | Cavalry Archer |
| 20:24 | Build | Archery Range |
| 20:29 | Create | Villager (Male) |
| 20:36 | Create | Cavalry Archer |
| 20:53 | Create | Villager (Male) |
| 20:59 | Build | Mining Camp |
| 21:04 | Build | Lumber Camp |
| 21:06 | Create | Villager (Male) |
| 21:16 | Build | Mining Camp |
| 21:58 | Create | Villager (Male) |
| 22:00 | Build | University |
| 22:15 | Create | Cavalry Archer |
| 22:16 | Create | Cavalry Archer |
| 22:18 | Create | Villager (Male) |
| 23:20 | Create | Villager (Male) |
| 23:20 | Create | Villager (Male) |
| 23:32 | Build | Town Center |
| 23:34 | Create | Villager (Male) |
| 23:50 | Create | Cavalry Archer |
| 23:50 | Create | Cavalry Archer |
| 23:54 | Create | Villager (Male) |
| 24:11 | Build | Farm |
| 24:43 | Create | Villager (Male) |
| 24:48 | Build | Market |
| 25:04 | Create | Cavalry Archer |
| 25:10 | Create | Villager (Male) |
| 25:29 | Create | Cavalry Archer |
| 25:30 | Create | Cavalry Archer |
| 25:57 | Build | Lumber Camp |
| 26:09 | Build | Mining Camp |
| 26:15 | Build | Lumber Camp |
| 26:32 | Build | Siege Workshop |
| 26:47 | Create | Cavalry Archer |
| 26:49 | Create | Villager (Male) |
| 26:49 | Create | Villager (Male) |
| 26:49 | Create | Villager (Male) |
| 26:51 | Build | Farm |
| 27:17 | Research | Town Watch |
| 27:20 | Build | Lumber Camp |
| 27:40 | Create | Cavalry Archer |
| 28:48 | Create | Mangonel |
| 29:16 | Research | Padded Archer Armor |
| 29:16 | Research | Padded Archer Armor |
| 29:19 | Create | Fishing Ship |
| 29:33 | Create | Cavalry Archer |
| 29:33 | Create | Cavalry Archer |
| 29:34 | Create | Cavalry Archer |
| 29:35 | Create | Cavalry Archer |
| 29:51 | Create | Villager (Male) |
| 29:52 | Create | Villager (Male) |
| 30:08 | Create | Cavalry Archer |
| 30:22 | Create | Villager (Male) |
| 30:23 | Create | Villager (Male) |
| 30:25 | Build | Farm |
| 30:26 | Build | Farm |
| 31:07 | Create | Mangonel |
| 31:18 | Create | Villager (Male) |
| 31:19 | Create | Villager (Male) |
| 31:19 | Create | Villager (Male) |
| 31:21 | Build | Farm |
| 31:23 | Build | Farm |
| 31:38 | Create | Cavalry Archer |
| 31:39 | Create | Cavalry Archer |
| 31:39 | Create | Cavalry Archer |
| 31:40 | Create | Villager (Male) |
| 31:42 | Create | Villager (Male) |
| 32:48 | Create | Cavalry Archer |
| 32:48 | Create | Cavalry Archer |
| 32:49 | Create | Cavalry Archer |
| 32:50 | Build | Archery Range |
| 32:55 | Create | Villager (Male) |
Build order — TheShadowrawen
First 150 of 286 actions detected
| 0:06 | Build | Town Center |
| 0:59 | Build | Dock |
| 1:00 | Build | House |
| 2:24 | Create | Villager (Male) |
| 2:24 | Create | Villager (Male) |
| 2:24 | Create | Villager (Male) |
| 2:25 | Create | Villager (Male) |
| 2:25 | Create | Villager (Male) |
| 2:25 | Create | Villager (Male) |
| 3:29 | Create | Fishing Ship |
| 3:44 | Build | House |
| 4:24 | Create | Fishing Ship |
| 4:45 | Create | Villager (Male) |
| 4:45 | Create | Villager (Male) |
| 5:02 | Create | Villager (Male) |
| 5:02 | Create | Villager (Male) |
| 5:23 | Build | House |
| 5:33 | Build | House |
| 5:41 | Create | Fishing Ship |
| 5:46 | Create | Villager (Male) |
| 5:46 | Create | Villager (Male) |
| 6:09 | Create | Villager (Male) |
| 6:29 | Create | Fishing Ship |
| 6:30 | Create | Villager (Male) |
| 6:36 | Build | House |
| 6:58 | Create | Villager (Male) |
| 7:03 | Create | Fishing Ship |
| 7:03 | Create | Fishing Ship |
| 7:21 | Create | Villager (Male) |
| 7:21 | Create | Villager (Male) |
| 7:22 | Create | Villager (Male) |
| 7:45 | Build | Mining Camp |
| 7:57 | Build | House |
| 8:03 | Create | Villager (Male) |
| 8:20 | Create | Villager (Male) |
| 8:22 | Create | Fishing Ship |
| 8:50 | Create | Fishing Ship |
| 8:55 | Build | House |
| 9:05 | Create | Villager (Male) |
| 9:21 | Create | Fishing Ship |
| 9:23 | Create | Villager (Male) |
| 9:45 | Create | Villager (Male) |
| 9:49 | Build | Mining Camp |
| 10:23 | Research | Feudal Age |
| 10:23 | Research | Feudal Age |
| 10:26 | Build | Mill |
| 10:40 | Create | Fishing Ship |
| 11:16 | Create | Villager (Male) |
| 11:46 | Create | Villager (Male) |
| 12:33 | Age | Feudal Age |
| 12:37 | Build | Market |
| 12:40 | Build | Blacksmith |
| 13:11 | Build | Dock |
| 13:20 | Create | Villager (Male) |
| 13:27 | Build | House |
| 13:35 | Create | Villager (Male) |
| 13:38 | Research | Loom |
| 13:43 | Build | House |
| 14:23 | Build | Palisade Wall |
| 14:24 | Build | Palisade Wall |
| 14:26 | Research | Castle Age |
| 14:26 | Research | Castle Age |
| 14:27 | Create | Fire Galley |
| 14:28 | Create | Fire Galley |
| 14:36 | Build | House |
| 14:49 | Build | House |
| 14:50 | Build | House |
| 15:01 | Build | Palisade Wall |
| 15:18 | Create | Galley |
| 15:22 | Create | Demolition Raft |
| 15:52 | Create | Galley |
| 15:53 | Create | Galley |
| 16:25 | Build | House |
| 16:28 | Create | Villager (Male) |
| 16:30 | Create | Galley |
| 17:05 | Create | Villager (Male) |
| 17:06 | Age | Castle Age |
| 17:10 | Build | House |
| 17:14 | Create | Galley |
| 17:14 | Create | Galley |
| 17:20 | Build | Castle |
| 17:23 | Create | Villager (Male) |
| 17:30 | Research | Fletching |
| 17:30 | Research | Fletching |
| 17:48 | Build | House |
| 18:09 | Create | Galley |
| 18:09 | Create | Galley |
| 18:17 | Create | Villager (Male) |
| 18:17 | Create | Villager (Male) |
| 19:02 | Create | Villager (Male) |
| 19:04 | Build | Mill |
| 19:22 | Create | Villager (Male) |
| 19:27 | Build | Lumber Camp |
| 19:35 | Create | Leitis |
| 19:37 | Create | Leitis |
| 19:41 | Create | Villager (Male) |
| 19:42 | Create | Villager (Male) |
| 19:52 | Build | House |
| 19:53 | Build | House |
| 20:12 | Create | Villager (Male) |
| 20:24 | Build | Monastery |
| 20:40 | Create | Fishing Ship |
| 20:40 | Create | Fishing Ship |
| 20:52 | Create | Villager (Male) |
| 21:01 | Research | Double-Bit Axe |
| 21:01 | Create | Monk |
| 21:22 | Create | Villager (Male) |
| 21:23 | Create | Leitis |
| 21:23 | Create | Leitis |
| 21:31 | Build | Dock |
| 21:48 | Create | Galley |
| 21:48 | Create | Galley |
| 21:48 | Create | Galley |
| 21:49 | Create | Villager (Male) |
| 22:25 | Build | House |
| 22:26 | Create | Fishing Ship |
| 22:29 | Create | Villager (Male) |
| 22:29 | Create | Villager (Male) |
| 22:33 | Build | Lumber Camp |
| 22:50 | Create | Villager (Male) |
| 23:15 | Create | Leitis |
| 23:17 | Build | Town Center |
| 23:30 | Create | Fishing Ship |
| 23:30 | Create | Fishing Ship |
| 23:31 | Create | Fishing Ship |
| 23:44 | Create | Villager (Male) |
| 23:45 | Create | Villager (Male) |
| 23:45 | Create | Villager (Male) |
| 23:47 | Create | Leitis |
| 23:47 | Create | Leitis |
| 23:50 | Create | Leitis |
| 24:07 | Build | Mining Camp |
| 24:09 | Build | Lumber Camp |
| 24:09 | Research | Bow Saw |
| 24:10 | Research | Bow Saw |
| 24:48 | Create | Fishing Ship |
| 24:48 | Create | Fishing Ship |
| 24:48 | Create | Fishing Ship |
| 24:50 | Create | Villager (Male) |
| 24:50 | Create | Villager (Male) |
| 24:51 | Create | Villager (Male) |
| 24:51 | Create | Villager (Male) |
| 24:57 | Create | Leitis |
| 25:10 | Create | Monk |
| 25:18 | Create | Villager (Male) |
| 25:18 | Create | Villager (Male) |
| 25:19 | Create | Villager (Male) |
| 25:20 | Build | House |
| 25:28 | Build | House |
| 25:32 | Build | Mining Camp |
Build order — umugwanyi
First 150 of 361 actions detected
| 0:04 | Build | Town Center |
| 0:50 | Build | Dock |
| 0:53 | Build | House |
| 2:21 | Create | Villager (Male) |
| 2:21 | Create | Villager (Male) |
| 2:22 | Create | Villager (Male) |
| 2:22 | Create | Villager (Male) |
| 3:20 | Create | Fishing Ship |
| 3:20 | Create | Fishing Ship |
| 3:50 | Build | House |
| 3:55 | Create | Villager (Male) |
| 3:55 | Create | Villager (Male) |
| 4:37 | Create | Villager (Male) |
| 4:37 | Create | Villager (Male) |
| 5:06 | Create | Villager (Male) |
| 5:06 | Create | Villager (Male) |
| 5:11 | Create | Fishing Ship |
| 5:11 | Create | Fishing Ship |
| 5:27 | Create | Villager (Male) |
| 5:27 | Create | Villager (Male) |
| 5:53 | Create | Villager (Male) |
| 5:53 | Create | Villager (Male) |
| 5:58 | Build | House |
| 6:05 | Create | Fishing Ship |
| 6:05 | Create | Fishing Ship |
| 6:18 | Create | Villager (Male) |
| 6:18 | Create | Villager (Male) |
| 6:30 | Create | Villager (Male) |
| 6:51 | Create | Fishing Ship |
| 6:51 | Create | Fishing Ship |
| 7:03 | Create | Villager (Male) |
| 7:03 | Create | Villager (Male) |
| 7:19 | Create | Villager (Male) |
| 7:22 | Build | House |
| 7:23 | Create | Villager (Male) |
| 7:50 | Create | Fishing Ship |
| 7:50 | Create | Fishing Ship |
| 7:59 | Create | Villager (Male) |
| 8:23 | Build | House |
| 8:26 | Create | Villager (Male) |
| 8:31 | Create | Villager (Male) |
| 8:41 | Create | Fishing Ship |
| 8:41 | Create | Fishing Ship |
| 8:48 | Create | Villager (Male) |
| 9:00 | Create | Villager (Male) |
| 9:18 | Create | Villager (Male) |
| 9:19 | Create | Fishing Ship |
| 9:34 | Build | House |
| 9:48 | Create | Villager (Male) |
| 9:51 | Create | Fishing Ship |
| 10:09 | Build | Mining Camp |
| 10:32 | Build | Mining Camp |
| 10:53 | Research | Feudal Age |
| 10:53 | Research | Feudal Age |
| 11:09 | Build | Mill |
| 11:16 | Research | Loom |
| 11:17 | Research | Loom |
| 11:24 | Build | House |
| 13:01 | Create | Villager (Male) |
| 13:13 | Age | Feudal Age |
| 13:15 | Build | Market |
| 13:20 | Create | Villager (Male) |
| 13:40 | Build | Blacksmith |
| 13:44 | Build | Palisade Wall |
| 14:15 | Build | Lumber Camp |
| 14:26 | Research | Castle Age |
| 14:26 | Research | Castle Age |
| 14:39 | Research | Double-Bit Axe |
| 15:13 | Build | Dock |
| 15:20 | Create | Villager (Male) |
| 15:20 | Create | Villager (Male) |
| 15:24 | Research | Fletching |
| 15:24 | Research | Fletching |
| 15:34 | Create | Unit 2626 |
| 15:45 | Create | Unit 2626 |
| 15:56 | Create | Unit 2626 |
| 16:00 | Create | Villager (Male) |
| 16:39 | Create | Villager (Male) |
| 17:08 | Age | Castle Age |
| 17:11 | Research | Bow Saw |
| 17:11 | Research | Bow Saw |
| 17:36 | Build | Castle |
| 17:44 | Create | Villager (Male) |
| 18:00 | Create | Fishing Ship |
| 18:07 | Create | Villager (Male) |
| 18:18 | Research | Horse Collar |
| 18:18 | Research | Horse Collar |
| 18:20 | Build | Farm |
| 18:21 | Build | Farm |
| 18:22 | Build | Farm |
| 18:24 | Build | Farm |
| 18:25 | Build | Farm |
| 18:26 | Build | Farm |
| 18:28 | Build | Farm |
| 18:43 | Create | Villager (Male) |
| 18:43 | Create | Villager (Male) |
| 18:50 | Create | Rattan Archer |
| 18:51 | Create | Rattan Archer |
| 18:51 | Create | Rattan Archer |
| 18:56 | Create | Villager (Male) |
| 19:08 | Create | Rattan Archer |
| 19:14 | Create | Villager (Male) |
| 19:36 | Create | Rattan Archer |
| 19:52 | Research | Bodkin Arrow |
| 19:52 | Research | Bodkin Arrow |
| 19:52 | Create | Villager (Male) |
| 19:53 | Create | Villager (Male) |
| 19:58 | Create | Rattan Archer |
| 20:00 | Create | Rattan Archer |
| 20:06 | Create | Villager (Male) |
| 20:09 | Create | Villager (Male) |
| 20:30 | Create | Unit 2626 |
| 20:36 | Create | Villager (Male) |
| 20:38 | Create | Rattan Archer |
| 20:38 | Create | Rattan Archer |
| 20:41 | Create | Villager (Male) |
| 20:45 | Create | Villager (Male) |
| 21:05 | Build | Town Center |
| 21:21 | Research | Gold Mining |
| 21:22 | Research | Gold Mining |
| 21:38 | Create | Villager (Male) |
| 21:38 | Create | Rattan Archer |
| 21:39 | Create | Rattan Archer |
| 22:01 | Create | Villager (Male) |
| 22:02 | Create | Villager (Male) |
| 22:17 | Create | Unit 2626 |
| 22:21 | Create | Villager (Male) |
| 22:23 | Build | Town Center |
| 22:29 | Create | Rattan Archer |
| 22:30 | Create | Rattan Archer |
| 22:38 | Research | Wheelbarrow |
| 22:41 | Create | Villager (Male) |
| 22:42 | Research | Padded Archer Armor |
| 22:56 | Create | Villager (Male) |
| 23:06 | Build | House |
| 23:09 | Create | Rattan Archer |
| 23:09 | Create | Rattan Archer |
| 23:13 | Create | Villager (Male) |
| 23:13 | Create | Villager (Male) |
| 23:34 | Build | House |
| 23:48 | Create | Rattan Archer |
| 23:49 | Create | Rattan Archer |
| 23:49 | Create | Villager (Male) |
| 23:51 | Create | Rattan Archer |
| 23:51 | Create | Rattan Archer |
| 23:59 | Create | Villager (Male) |
| 23:59 | Create | Villager (Male) |
| 24:11 | Build | House |
| 24:11 | Build | House |
| 24:17 | Build | Farm |
Build order — AZG021113
First 150 of 225 actions detected
| 0:04 | Build | Town Center |
| 0:11 | Build | House |
| 1:49 | Build | Palisade Wall |
| 1:58 | Build | Palisade Wall |
| 2:02 | Build | Palisade Wall |
| 2:10 | Build | Palisade Wall |
| 2:26 | Create | Villager (Male) ×4 |
| 2:33 | Build | Palisade Wall |
| 2:34 | Build | Palisade Wall |
| 2:36 | Build | Palisade Wall |
| 2:37 | Build | Palisade Wall |
| 2:53 | Build | Dock |
| 2:59 | Build | Palisade Wall |
| 3:17 | Build | Palisade Wall |
| 4:16 | Create | Fishing Ship |
| 4:17 | Create | Fishing Ship |
| 4:26 | Research | Loom |
| 5:02 | Create | Fishing Ship |
| 5:16 | Build | House |
| 5:39 | Create | Villager (Male) |
| 5:39 | Create | Villager (Male) |
| 6:12 | Create | Fishing Ship |
| 6:13 | Create | Villager (Male) |
| 7:01 | Create | Fishing Ship |
| 7:03 | Create | Villager (Male) |
| 7:14 | Build | House |
| 7:19 | Build | Palisade Wall |
| 7:33 | Create | Villager (Male) |
| 7:33 | Create | Villager (Male) |
| 7:38 | Build | House |
| 7:42 | Build | Palisade Wall |
| 7:55 | Create | Fishing Ship |
| 7:56 | Create | Fishing Ship |
| 8:15 | Create | Villager (Male) |
| 8:15 | Create | Villager (Male) |
| 8:30 | Create | Villager (Male) |
| 8:30 | Create | Villager (Male) |
| 8:39 | Create | Villager (Male) |
| 8:39 | Create | Villager (Male) |
| 9:10 | Create | Fishing Ship |
| 9:11 | Create | Villager (Male) |
| 9:13 | Create | Villager (Male) |
| 9:13 | Create | Villager (Male) |
| 9:21 | Build | House |
| 9:30 | Create | Villager (Male) |
| 9:56 | Create | Villager (Male) |
| 10:22 | Create | Villager (Male) |
| 10:43 | Create | Villager (Male) |
| 10:59 | Create | Villager (Male) |
| 11:10 | Build | House |
| 11:17 | Create | Villager (Male) |
| 11:56 | Build | Mining Camp |
| 12:08 | Create | Villager (Male) |
| 12:21 | Research | Feudal Age |
| 12:46 | Build | Dock |
| 13:45 | Build | Dock |
| 13:49 | Create | Villager (Male) |
| 14:14 | Build | House |
| 14:18 | Build | House |
| 14:36 | Create | Unit 2626 |
| 14:36 | Create | Unit 2626 |
| 14:39 | Create | Unit 2626 |
| 14:40 | Create | Villager (Male) |
| 14:42 | Create | Villager (Male) |
| 14:49 | Build | House |
| 14:58 | Build | Outpost |
| 15:04 | Build | Outpost |
| 15:10 | Create | Villager (Male) |
| 15:22 | Build | Mill |
| 15:43 | Build | Watch Tower |
| 15:47 | Build | Watch Tower |
| 15:49 | Build | Stone Wall |
| 15:49 | Build | Stone Wall |
| 15:50 | Build | Stone Wall |
| 15:50 | Build | Stone Wall |
| 15:52 | Build | Stone Wall |
| 15:54 | Create | Unit 2626 |
| 15:54 | Create | Unit 2626 |
| 15:55 | Create | Villager (Male) |
| 15:56 | Create | Villager (Male) |
| 15:59 | Create | Villager (Male) |
| 16:12 | Create | Unit 2626 |
| 16:36 | Create | Unit 2626 |
| 16:37 | Create | Unit 2626 |
| 16:54 | Build | Stone Wall |
| 16:55 | Build | Stone Wall |
| 17:05 | Create | Unit 2626 |
| 17:08 | Create | Villager (Male) |
| 17:09 | Create | Villager (Male) |
| 17:14 | Create | Unit 2626 |
| 17:14 | Create | Unit 2626 |
| 17:25 | Create | Villager (Male) |
| 17:26 | Create | Villager (Male) |
| 17:35 | Create | Unit 2626 |
| 17:35 | Create | Unit 2626 |
| 17:37 | Create | Villager (Male) |
| 17:37 | Create | Villager (Male) |
| 17:48 | Build | Blacksmith |
| 17:54 | Create | Villager (Male) |
| 17:57 | Create | Unit 2626 |
| 17:57 | Create | Unit 2626 |
| 18:26 | Create | Unit 2626 |
| 18:27 | Create | Unit 2626 |
| 18:54 | Create | Villager (Male) |
| 18:57 | Build | Lumber Camp |
| 19:14 | Build | Market |
| 19:15 | Build | House |
| 19:39 | Create | Villager (Male) |
| 19:52 | Research | Castle Age |
| 19:59 | Create | Unit 2626 |
| 19:59 | Create | Unit 2626 |
| 20:21 | Research | Forging |
| 20:21 | Research | Forging |
| 20:38 | Create | Unit 2626 |
| 20:56 | Build | Lumber Camp |
| 21:04 | Create | Fire Galley |
| 21:42 | Create | Fire Galley |
| 21:42 | Create | Unit 2626 |
| 21:42 | Create | Fire Galley |
| 21:44 | Create | Villager (Male) |
| 21:44 | Create | Villager (Male) |
| 21:48 | Build | House |
| 21:50 | Build | House |
| 22:06 | Create | Villager (Male) |
| 22:25 | Create | Villager (Male) |
| 22:26 | Create | Villager (Male) |
| 22:36 | Create | Villager (Male) |
| 22:43 | Build | Watch Tower |
| 22:58 | Create | Villager (Male) |
| 22:58 | Create | Villager (Male) |
| 23:15 | Research | Fletching |
| 23:22 | Create | Villager (Male) |
| 23:36 | Create | Fire Galley |
| 23:37 | Create | Fire Galley |
| 23:48 | Create | Villager (Male) |
| 24:15 | Create | Villager (Male) |
| 24:25 | Create | Fire Galley |
| 24:25 | Create | Fire Galley |
| 24:45 | Create | Fire Galley |
| 24:45 | Create | Fire Galley |
| 24:52 | Create | Villager (Male) |
| 24:59 | Create | Villager (Male) |
| 25:01 | Create | Villager (Male) |
| 25:12 | Create | Villager (Male) |
| 25:13 | Create | Villager (Male) |
| 25:19 | Create | Fire Galley |
| 25:24 | Research | War Galley (upgrade) |
| 25:41 | Create | Villager (Male) |
| 25:56 | Build | Town Center |
| 26:06 | Create | Fire Galley |
Match timeline
| 0:27 | Arezard · wall_segment Palisade Wall x1 |
| 0:29 | Arezard · wall_segment Palisade Wall x1 |
| 0:31 | Arezard · wall_segment Palisade Wall x1 |
| 0:32 | Arezard · wall_segment Palisade Wall x1 |
| 0:50 | umugwanyi · first_building Dock |
| 0:59 | TheShadowrawen · first_building Dock |
| 1:49 | AZG021113 · wall_segment Palisade Wall x2 |
| 1:58 | AZG021113 · wall_segment Palisade Wall x1 |
| 2:02 | AZG021113 · wall_segment Palisade Wall x1 |
| 2:10 | AZG021113 · wall_segment Palisade Wall x1 |
| 2:33 | AZG021113 · wall_segment Palisade Wall x1 |
| 2:34 | AZG021113 · wall_segment Palisade Wall x1 |
| 2:36 | AZG021113 · wall_segment Palisade Wall x1 |
| 2:37 | AZG021113 · wall_segment Palisade Wall x1 |
| 2:53 | AZG021113 · first_building Dock |
| 2:59 | AZG021113 · wall_segment Palisade Wall x1 |
| 3:17 | AZG021113 · wall_segment Palisade Wall x1 |
| 7:19 | AZG021113 · wall_segment Palisade Wall x1 |
| 7:42 | AZG021113 · wall_segment Palisade Wall x1 |
| 9:46 | Arezard · first_building Dock |
| 12:33 | TheShadowrawen · age_up feudal |
| 13:13 | umugwanyi · age_up feudal |
| 13:44 | umugwanyi · wall_segment Palisade Wall x1 |
| 14:10 | Arezard · age_up feudal |
| 14:23 | TheShadowrawen · wall_segment Palisade Wall x1 |
| 14:24 | TheShadowrawen · wall_segment Palisade Wall x1 |
| 15:01 | TheShadowrawen · wall_segment Palisade Wall x1 |
| 15:49 | AZG021113 · wall_segment Stone Wall x1 |
| 15:49 | AZG021113 · wall_segment Stone Wall x1 |
| 15:50 | AZG021113 · wall_segment Stone Wall x1 |
| 15:50 | AZG021113 · wall_segment Stone Wall x1 |
| 15:52 | AZG021113 · wall_segment Stone Wall x1 |
| 16:09 | Arezard · first_market_sell 100 stone |
| 16:09 | Arezard · first_market_buy 100 food |
| 16:45 | Arezard · first_building Barracks |
| 16:54 | AZG021113 · wall_segment Stone Wall x1 |
| 16:55 | AZG021113 · wall_segment Stone Wall x1 |
| 17:06 | TheShadowrawen · age_up castle |
| 17:08 | umugwanyi · age_up castle |
| 17:20 | TheShadowrawen · first_building Castle |
| 17:36 | umugwanyi · first_building Castle |
| 18:09 | Arezard · first_building Archery Range |
| 18:51 | Arezard · age_up castle |
| 19:26 | Arezard · first_building Monastery |
| 20:24 | TheShadowrawen · first_building Monastery |
| 22:39 | AZG021113 · first_market_buy 100 stone |
| 23:13 | AZG021113 · first_market_sell 100 wood |
| 25:06 | TheShadowrawen · first_market_sell 100 food |
| 26:32 | Arezard · first_building Siege Workshop |
| 27:20 | umugwanyi · wall_segment Stone Wall x3 |
| 27:36 | TheShadowrawen · first_market_buy 100 food |
| 28:58 | AZG021113 · first_building Barracks |
| 29:25 | TheShadowrawen · first_building Barracks |
| 29:47 | AZG021113 · first_building Archery Range |
| 31:57 | TheShadowrawen · first_building Stable |
| 32:42 | umugwanyi · first_building Barracks |
| 33:46 | umugwanyi · age_up imperial |
| 34:08 | umugwanyi · first_building Siege Workshop |
| 35:45 | Arezard · resign |
[ AI ANALYSIS · 1 CREDIT ]
What really happened in this match?
Wolo.gg analyzes every decision: build order, eco, micro, common mistakes by bracket. Personalized analysis on WhatsApp or Discord in 30 seconds.
Civ guide
Huns
Perfil
Jugador #1856648